 Dungeon Crawl Stone Soup version 0.24-b1 (webtiles) character file.

Game seed: 11688204755656973671, levelgen mode: deterministic

336 Kohma the Insei (level 6, 0/39 HPs)
             Began as an Octopode Transmuter on Oct 13, 2019.
             Was a Follower of Makhleb.
             Slain by Duvessa
             ... wielding a +2 short sword of draining
              (2 damage)
             ... on level 4 of the Dungeon.
             The game lasted 00:11:28 (4680 turns).

Kohma the Insei (Octopode Transmuter)               Turns: 4680, Time: 00:11:28

Health: 0/39       AC:  2    Str: 10    XL:     6   Next: 54%
Magic:  7/9        EV: 18    Int: 15    God:    Makhleb [*.....]
Gold:   380        SH:  0    Dex: 19    Spells: 4/10 levels left

rFire    . . .     SeeInvis .     - Unarmed
rCold    . . .     Gourm    .   (shield currently unavailable)
rNeg     . . .     Faith    .   (helmet currently unavailable)
rPois    x         Spirit   .   (no amulet)
rElec    .         Reflect  .   (no ring)
rCorr    .         Harm     .   (no ring)
MR       .....                  (no ring)
Stlth    ++........             (no ring)
HPRegen  0.13/turn              (no ring)
MPRegen  0.11/turn              (no ring)
                                (no ring)
                                (no ring)

@: spider-form (expiring), heavily drained
A: tiny, almost no armour, stealthy swim, (amphibious), 8 rings, (constrict 8)
a: End Transformation, Renounce Religion


You were on level 4 of the Dungeon.
You worshipped Makhleb.
Makhleb was aware of your devotion.
You were not hungry.
You were a venomous arachnid creature.
You visited 2 branches of the dungeon, and saw 5 of its levels.

You collected 380 gold pieces.

Inventory:

Missiles
 a - 49 arrows
 d - 62 stones
 f - 33 poisoned darts (quivered)
Magical Staves
 m - an uncursed staff of death {unknown}
Wands
 p - a wand of iceblast (9)
Scrolls
 e - 2 scrolls of remove curse
 h - 2 scrolls of magic mapping {unknown}
 i - a scroll of enchant armour {unknown}
 j - 8 scrolls of identify
 n - 2 scrolls of teleportation {unknown}
 s - a scroll of fear {unknown}
Potions
 g - 3 potions of mutation {unknown}
 k - 2 potions of heal wounds {unknown}
 l - a potion of invisibility {unknown}
 o - 2 potions of resistance {unknown}
 q - a potion of lignification {unknown}
 r - a potion of agility {unknown}
Comestibles
 b - 6 chunks of flesh
 c - 8 rations


   Skills:
 + Level 2.2(1.0) Fighting
 - Level 2.0(0.8) Dodging
 - Level 5.1(3.8) Unarmed Combat
 + Level 2.6(1.4) Spellcasting
 - Level 3.0(1.7) Transmutations
 * Level 3.3(2.1) Poison Magic


You had 4 spell levels left.
You knew the following spells:

 Your Spells              Type           Power        Failure   Level  Hunger
a - Beastly Appendage     Tmut           #.....       28%         1    ##.....
b - Sticks to Snakes      Tmut           #.......     36%         2    ###....
c - Spider Form           Tmut/Pois      #.........   54%         3    ####...

Your spell library contained the following spells:

 Spells                   Type           Power        Failure   Level  Hunger
 Ice Form                 Ice/Tmut       #.......     95%         4    #####..
 Blade Hands              Tmut           #.........   99%         5    ######.


Dungeon Overview and Level Annotations

Branches:
Dungeon (4/15)             Temple (1/1) D:4

Altars:
Ashenzari
Cheibriados
Dithmenos
Elyvilon
Fedhas
Gozag
Hepliaklqana
Kikubaaqudgha
Makhleb
Nemelex Xobeh
Okawaru
Qazlal
Ru
Sif Muna
Trog
Uskayaw
Vehumet
Wu Jian
Xom
Yredelemnul
The Shining One

Annotations:
D:4 Dowan, Duvessa


Innate Abilities, Weirdness & Mutations

You cannot wear most types of armour.
You are very stealthy in the water. (Stealth+)
((You are amphibious.))
You can wear up to eight rings at the same time.
((You can use your tentacles to constrict eight enemies at once.))
((Your skin changes colour to match your surroundings (Stealth+).))
((Your rubbery body absorbs attacks. (AC +1, EV +1)))


Message History

Your transformation is almost over.
Dowan shouts!
Duvessa hits you with a +2 short sword of draining!
You feel drained.
You bite Duvessa!
Duvessa is moderately wounded.
Duvessa hits you with a +2 short sword of draining!
You feel drained. Dowan misses you.
Duvessa hits you with a +2 short sword of draining.
* * * LOW HITPOINT WARNING * * *
You feel drained.
* * * LOW HITPOINT WARNING * * *
Dowan says, "Magic and the sword, together, will defeat you."
As you read the scroll labeled UREMAI KABBO, it crumbles to dust.
It is a scroll of identify.
e - 2 scrolls of remove curse Duvessa hits you with a +2 short sword of draining!
* * * LOW HITPOINT WARNING * * *
You feel drained.
You die...

#.#.#.......# # #.#..##...#
..#..# .# #### #..# ...
#..##########.#####.#
#...............e...#
#....#..........#
.######.#######e.#
..............se.#
#######'#######.###########
#..)....รท............#
#.........########...#
#.........# #...#
#.........# #...#
#.........# #...#
#.........# #...#
#.........# #...#


You could see Duvessa and Dowan.

Vanquished Creatures
  A scorpion (D:4)
  A hound (D:4)
  Ijyb (D:4)
  Terence (D:3)
  2 worker ants
  7 adders
  An ooze (D:3)
  An adder skeleton (D:4)
  A dart slug (D:1)
  3 leopard geckos
  An orc (D:4)
  4 giant cockroaches
  12 goblins
  14 hobgoblins
  9 jackals
  12 bats
  7 frilled lizards
  9 kobolds
  6 rats
93 creatures vanquished.

Vanquished Creatures (others)
  3 toadstools (D:3)
3 creatures vanquished.

Grand Total: 96 creatures vanquished

Notes
Turn   | Place    | Note
-------+----------+-------------------------------------------
     0 | D:1      | Kohma the Octopode Transmuter began the quest for the Orb.
     0 | D:1      | Reached XP level 1. HP: 13/13 MP: 3/3
   123 | D:1      | Reached XP level 2. HP: 18/18 MP: 1/5
   128 | D:1      | Learned a level 2 spell: Sticks to Snakes
   735 | D:1      | Reached skill level 4 in Unarmed Combat
   763 | D:1      | Reached XP level 3. HP: 22/23 MP: 4/6
   768 | D:1      | Learned a level 3 spell: Spider Form
  1529 | D:2      | Found a faded altar of an unknown god.
  1583 | D:2      | Reached XP level 4. HP: 22/28 MP: 7/7
  1848 | D:2      | Reached skill level 5 in Unarmed Combat
  2386 | D:3      | Found a burning altar of Makhleb.
  2387 | D:3      | Noticed a balrug
  2391 | D:3      | Noticed a smoke demon
  2391 | D:3      | Noticed a smoke demon
  2393 | D:3      | Became a worshipper of Makhleb the Destroyer
  2464 | D:3      | Reached XP level 5. HP: 28/33 MP: 6/8
  2517 | D:3      | Reached skill level 1 in Poison Magic
  3068 | D:3      | Noticed Terence
  3077 | D:3      | Killed Terence
  3357 | D:4      | Reached XP level 6. HP: 39/39 MP: 9/9
  3372 | D:4      | Found a staircase to the Ecumenical Temple.
  3372 | D:4      | Noticed Ijyb
  3390 | D:4      | Killed Ijyb
  3396 | D:4      | Reached * piety under Makhleb
  3417 | Temple   | Entered the Ecumenical Temple
  4667 | D:4      | Noticed Duvessa
  4667 | D:4      | Noticed Dowan
  4680 | D:4      | Slain by Duvessa

Skill      XL: |  1  2  3  4  5  6 |
---------------+-------------------+-----
Unarmed Combat | 4 5 |  5.1
Poison Magic   | 2 3 |  3.3
Transmutations | 3 |  3.0
Fighting       | 2 |  2.2
Dodging        | |  2.0
Spellcasting   | |  2.6

Action                   |  1- 3 |  4- 6 || total
-------------------------+-------+-------++-------
Melee: Unarmed           |    74 |   139 ||   213
       Constrict         |    15 |    28 ||    43
       Tentacles         |     7 |    10 ||    17
       Kick              |     5 |     7 ||    12
       Punch             |     3 |     2 ||     5
Throw: Dart              |     7 |       ||     7
 Cast: Beastly Appendage |    14 |     9 ||    23
       Sticks to Snakes  |     2 |       ||     2
       Spider Form       |       |     6 ||     6
  Use: Scroll            |       |     1 ||     1
 Stab: Sleeping          |     8 |     9 ||    17
  Eat: Chunk             |     3 |     7 ||    10
       Ration            |       |     1 ||     1
Armor: Skin              |     7 |    18 ||    25
Dodge: Dodged            |    45 |   112 ||   157
